 Dungeon Crawl Stone Soup version 0.29-a0-885-gb26ba3297d (webtiles) character file.

Game seed: 14673460634729461371

387 jimonade the Covert (level 7, -3/40 HPs)
             Began as a Kobold Brigand on July 20, 2022.
             Was a Follower of Uskayaw.
             Constricted to death by Ijyb (7 damage)
             ... on level 4 of the Dungeon.
             The game lasted 00:06:51 (4260 turns).

jimonade the Covert (Kobold Brigand)                Turns: 4260, Time: 00:06:51

Health: -3/40      AC:  5    Str:  8    XL:     7   Next: 7%
Magic:  8/8        EV: 12    Int: 19    God:    Uskayaw [*.....]
Gold:   208        SH:  0    Dex: 18    Spells: 6/6 levels left

rFire   . . .      SeeInvis .   a - +2 dagger
rCold   . . .      Faith    .   (no shield)
rNeg    . . .      Spirit   .   b - +0 robe
rPois   .          Reflect  .   l - +0 helmet
rElec   .          Harm     .   c - +1 cloak
rCorr   .          Rampage  .   (no gloves)
Will    .....                   (no boots)
Stlth   +++++.....              (no amulet)
HPRegen 0.13/turn               f - +6 ring of intelligence
MPRegen 0.11/turn               (no ring)

@: grasped by roots, constricted
A: small, no large weapons, nightstalker 3
a: Renounce Religion, Stomp


You were on level 4 of the Dungeon.
You worshipped Uskayaw.
Uskayaw was noncommittal.
You visited 2 branches of the dungeon, and saw 5 of its levels.

You collected 208 gold pieces.

Inventory:

Hand Weapons
 a - a +2 dagger (weapon)
 v - a +1 spear of pain
 D - a +0 rapier
Missiles
 d - 11 poisoned darts (quivered)
 e - 9 curare-tipped darts
 n - 6 atropa-tipped darts
 y - 6 datura-tipped darts
Armour
 b - a +0 robe (worn)
 c - a +1 cloak (worn)
 j - a +0 chain mail
 l - a +0 helmet (worn)
Magical Staves
 u - a staff of air
Jewellery
 f - a +6 ring of intelligence (left hand)
 r - an amulet of faith
 E - a +4 ring of protection
Wands
 p - a wand of quicksilver (4)
 F - a wand of flame (23)
Scrolls
 g - a scroll of torment {unknown}
 h - 3 scrolls of amnesia
 i - a scroll of fear {unknown}
 o - a scroll of enchant armour
 q - a scroll of teleportation {unknown}
 s - a scroll of acquirement {unknown}
 t - a scroll of fog {unknown}
 x - a scroll of enchant weapon {unknown}
 C - a scroll of immolation {unknown}
 G - a scroll of identify
Potions
 k - a potion of cancellation
 m - 7 potions of curing
 w - 2 potions of mutation
 z - a potion of flight {unknown}
 A - a potion of brilliance {unknown}
 B - 2 potions of lignification {unknown}


   Skills:
 + Level 2.6 Fighting
 + Level 4.3 Short Blades
 - Level 2.1 Throwing
 + Level 2.1 Dodging
 * Level 9.6 Stealth
 * Level 1.5 Invocations


You had 6 spell levels left.
You didn't know any spells.
Your spell library contained the following spells:

 Spells                   Type           Power      Damage    Failure   Level
 Sublimation of Blood     Necr           0%         N/A       30%         2
 Wereblood                Tmut           0%         N/A       30%         2
 Summon Hydra             Summ           0%         N/A       100%        7


Dungeon Overview and Level Annotations

Branches:
Dungeon (4/15)             Temple (1/1) D:4

Altars:
Ashenzari
Cheibriados
Dithmenos
Elyvilon
Gozag
Kikubaaqudgha
Nemelex Xobeh
Ru
Uskayaw
Vehumet
Yredelemnul
Zin
The Shining One

Shops:
D:1 ?

Annotations:
D:3 exclusion: downstairs
D:4 Ijyb


Innate Abilities, Weirdness & Mutations

You are small and have problems with some larger weapons.
You are completely attuned to the shadows.


Message History

You hit Ijyb.
Ijyb is moderately wounded.
Ijyb barely misses you. The grasping roots constrict you.
Unknown command.
You hit Ijyb but do no damage. You punch Ijyb, but do no damage.
Ijyb is moderately wounded.
Ijyb completely misses you. The grasping roots constrict you.
The grasping roots release their grip on you.
You hit Ijyb but do no damage.
Ijyb is moderately wounded.
You hit Ijyb but do no damage.
Ijyb is moderately wounded.
Ijyb zaps a wand.
The roots erupt in riotous growth!
The grasping roots grab you!
Ijyb is unaffected.
The grasping roots constrict you.
You closely miss Ijyb.
Ijyb is lightly wounded.
Ijyb hits you but does no damage. The grasping roots constrict you.
You hit Ijyb.
Ijyb is moderately wounded.
Ijyb hits you with a +0 club. The grasping roots constrict you.
You hit Ijyb but do no damage.
Ijyb is moderately wounded.
Ijyb hits you with a +0 club.
* * * LOW HITPOINT WARNING * * *
The grasping roots constrict you.
* * * LOW HITPOINT WARNING * * *
You hit Ijyb.
Ijyb is moderately wounded.
The grasping roots release their grip on you.
You barely miss Ijyb.
Ijyb is moderately wounded.
Ijyb zaps a wand.
The roots erupt in riotous growth!
The grasping roots grab you!
Ijyb is unaffected.
The grasping roots constrict you.
* * * LOW HITPOINT WARNING * * *
You barely miss Ijyb.
Ijyb is moderately wounded.
Ijyb misses you. The grasping roots constrict you!
You die...

##.#.##.......#######.........
#.#...#8.....8# #.#######.
##....#....)..# #.# #.
#....#8.....8## #.# #.
###..###.......#.. ##.# #.
#......#8.....8##.##....... ..
#.#..###.......# #.....####
#.#..###8.....8####<#..#
###.#...........@#.#g...##
....#.........†.g##.##....
.####.###................. .#
#.# ####.#............ .# #.#
#)#......##.... .# #.####
#)#..##### .. .# #....# #.#..#
.# ####.# #.#..# .# .# #....#
#.#.g######.#.#


You could see Ijyb.

Vanquished Creatures
  An ogre (D:4)
  A necrophage (D:4)
  2 hounds (D:4)
  A jelly (D:4)
  An orc wizard (D:4)
  3 gnolls (D:4)
  2 adders (D:2)
  2 worms (D:4)
  2 dart slugs
  3 orcs (D:4)
  4 endoplasms
  6 giant cockroaches
  9 goblins
  15 hobgoblins
  3 quokkas
  6 ball pythons
  4 bats
  4 kobolds
  4 rats
73 creatures vanquished.

Notes
Turn   | Place    | Note
-------+----------+-------------------------------------------
     0 | D:1      | jimonade the Kobold Brigand began the quest for the Orb.
     0 | D:1      | Reached XP level 1. HP: 12/12 MP: 1/1
   161 | D:1      | Reached XP level 2. HP: 17/17 MP: 2/2
   177 | D:1      | Reached skill level 6 in Stealth
   329 | D:1      | Found a faded altar of an unknown god.
   379 | D:1      | Found Kedwuwko's Magic Scroll Shoppe.
   536 | D:1      | Reached XP level 3. HP: 21/21 MP: 3/3
   824 | D:2      | Reached skill level 7 in Stealth
  1151 | D:2      | Reached XP level 4. HP: 26/26 MP: 4/4
  1656 | D:3      | Found a snail-covered altar of Cheibriados.
  2265 | D:4      | Reached XP level 5. HP: 31/31 MP: 5/5
  2327 | D:4      | Reached skill level 8 in Stealth
  2483 | D:4      | Found a staircase to the Ecumenical Temple.
  2489 | Temple   | Entered the Ecumenical Temple
  2661 | Temple   | Became a worshipper of Uskayaw the Reveller
  2714 | D:4      | Reached * piety under Uskayaw
  2977 | D:4      | Noticed an ogre
  2981 | D:4      | Killed an ogre
  2981 | D:4      | Reached ** piety under Uskayaw
  2982 | D:4      | Reached XP level 6. HP: 36/36 MP: 6/6
  3097 | D:4      | Reached skill level 9 in Stealth
  3097 | D:4      | Reached skill level 1 in Invocations
  3473 | D:4      | Reached *** piety under Uskayaw
  3527 | D:4      | Reached XP level 7. HP: 13/40 MP: 8/8
  4241 | D:4      | Noticed Ijyb
  4260 | D:4      | Constricted to death by Ijyb

Illustrated notes

Levels and vault maps discovered:
D:1:      sevenhm_arrival_forest_fort_small_3, layout_loops_ring,
          shapermc_ecumenical_altar_mp_highgroup, serial_shops, shop
D:2:      layout_basic, minmay_tromino_v4_c
D:3:      layout_rooms, old_standard_altar
D:4:      kennysheep_the_goblin_king, layout_loops_ring, temple_statues
Temple:   nicolae_temple_hex_pool

Skill      XL: |  1  2  3  4  5  6 |
---------------+-------------------+-----
Stealth        | 6 7 8 9 |  9.6
Short Blades   | 3 4 |  4.3
Invocations    | 1 |  1.5
Dodging        | 2 |  2.1
Fighting       | |  2.6
Throwing       | |  2.1

Action                   |  1- 3 |  4- 6 |  7- 9 || total
-------------------------+-------+-------+-------++-------
Melee: Dagger            |    58 |   155 |    45 ||   258
       Punch             |       |     1 |     1 ||     2
  Use: Scroll            |       |     5 |       ||     5
 Stab: Sleeping          |    18 |    18 |       ||    36
       Distracted        |       |     1 |       ||     1
Armor: Robe              |    14 |    25 |     7 ||    46
Dodge: Dodged            |    32 |    73 |    20 ||   125

Table legend: (Time is in decaauts)
 A = Elapsed time spent in this place.
 B = Non-inter-level travel time spent in this place.
 C = Inter-level travel time spent in this place.
 D = Time resting spent in this place.
 E = Time spent auto-exploring this place.
 F = Levels seen in this place.
 G = Mean time per level.
                   A        B        C        D        E       F      G
               +--------+--------+--------+--------+--------+-----+--------+
         Total |   4214 |   4009 |    205 |    250 |   3030 |   5 |  842.8 |
       Dungeon |   4019 |   3863 |    156 |    250 |   2897 |   4 | 1004.8 |
        Temple |    194 |    145 |     49 |      0 |    133 |   1 |  194.0 |
               +--------+--------+--------+--------+--------+-----+--------+

Top non-repeatable levels by time:
     D:4: 1733 daAuts
     D:2: 825 daAuts
     D:1: 799 daAuts
     D:3: 661 daAuts
  Temple: 194 daAuts
